 Dungeon Crawl Stone Soup version 0.25-a0-310-g60f0ac2d9a (webtiles) character file.

Game seed: 6453979999830822245, levelgen mode: deterministic

186 Anoao the Slasher (level 5, -2/41 HPs)
             Began as a Human Fighter on Dec 24, 2019.
             Slain by a mummy (5 damage)
             ... in an ossuary.
             The game lasted 00:35:52 (3589 turns).

Anoao the Slasher (Human Fighter)                   Turns: 3589, Time: 00:35:53

Health: -2/41      AC:  7    Str: 18    XL:     5   Next: 98%
Magic:  5/5        EV:  7    Int:  8    God:
Gold:   159        SH:  9    Dex: 12    Spells: 4/4 levels left

rFire    . . .     SeeInvis .   H - +0 long sword
rCold    . . .     Gourm    .   c - +0 shield
rNeg     . . .     Faith    .   o - +0 scale mail
rPois    .         Spirit   .   (no helmet)
rElec    .         Reflect  .   (no cloak)
rCorr    .         Harm     .   (no gloves)
MR       .....                  (no boots)
Stlth    ..........             (no amulet)
HPRegen  0.13/turn              (no ring)
MPRegen  0.09/turn              (no ring)

@: no status effects
A: no striking features
a: no special abilities


You were in an ossuary.
You were hungry.

You visited 1 branch of the dungeon, and saw 4 of its levels.
You also visited: Ossuary.

You collected 159 gold pieces.

Inventory:

Hand Weapons
 a - a +0 short sword of speed
 z - a cursed +0 mace
 H - a +0 long sword (weapon)
Missiles
 e - 34 arrows
 s - 17 sling bullets
 x - 16 poisoned darts (quivered)
Armour
 c - a +0 shield (worn)
 o - a +0 scale mail (worn)
Jewellery
 b - an uncursed ring of protection from cold
 t - an uncursed ring of positive energy {unknown}
Wands
 y - a wand of scattershot (5)
Scrolls
 h - 4 scrolls of remove curse {unknown}
 j - a scroll of noise {unknown}
 k - 3 scrolls of identify {unknown}
 l - a scroll of blinking {unknown}
 p - 2 scrolls of immolation {unknown}
 u - 2 scrolls of fear {unknown}
 v - a scroll of amnesia {unknown}
 w - a scroll of teleportation {unknown}
Potions
 d - a potion of might
 g - a potion of lignification {unknown}
 m - a potion of flight {unknown}
 n - a potion of invisibility {unknown}
 q - a potion of brilliance {unknown}
 r - a potion of berserk rage {unknown}
 A - a potion of degeneration {unknown}
Comestibles
 f - 4 rations


   Skills:
 + Level 3.4 Fighting
 + Level 4.1 Long Blades
 + Level 4.0 Armour
 + Level 0.3 Dodging
 + Level 3.5 Shields


You had 4 spell levels left.
You didn't know any spells.
Your spell library was empty.

Dungeon Overview and Level Annotations

Branches:
Dungeon (4/15)            Ossuary (1/1)
 Temple: D:4-7

Altars:
Gozag


Message History

The kobold zombie hits you but does no damage.
You block the mummy's attack.
You barely miss the hobgoblin zombie.
The kobold zombie hits you but does no damage.
You block the kobold zombie's attack.
You barely miss the kobold zombie.
The kobold zombie is severely damaged.
You block the hobgoblin zombie's attack.
The kobold zombie hits you.
* * * LOW HITPOINT WARNING * * *
You hit the mummy.
The mummy is lightly damaged.
The hobgoblin zombie hits you but does no damage.
The mummy barely misses you.
You hit the kobold zombie.
You destroy the kobold zombie!
The mummy hits you!
* * * LOW HITPOINT WARNING * * *
The mummy hits you.
You die...

......#
#....#
#....#
#....#
#....#
#....#
#Z...#
#.M..#
#@M..#
#.Z∩.#
######


You could see 2 mummies, a hobgoblin zombie and a gnoll zombie.

Vanquished Creatures
  An orc wizard (D:3)
  A mummy (D:4)
  3 adders
  3 gnolls (D:3)
  An ooze (D:3)
  A dart slug (D:3)
  7 leopard geckos
  6 orcs (D:3)
  5 giant cockroaches
  3 gnoll zombies (Ossuary)
  3 goblins
  6 hobgoblins
  4 jackals (D:3)
  A quokka (D:3)
  6 bats
  4 frilled lizards
  2 hobgoblin zombies (Ossuary)
  9 kobolds
  A kobold zombie (Ossuary)
  7 rats
74 creatures vanquished.

Notes
Turn   | Place    | Note
-------+----------+-------------------------------------------
     0 | D:1      | Anoao the Human Fighter began the quest for the Orb.
     0 | D:1      | Reached XP level 1. HP: 18/18 MP: 1/1
   502 | D:1      | Reached XP level 2. HP: 18/24 MP: 2/2
  1534 | D:2      | Reached XP level 3. HP: 28/29 MP: 3/3
  1790 | D:2      | Reached XP level 4. HP: 18/35 MP: 4/4
  2723 | D:3      | Reached XP level 5. HP: 36/41 MP: 5/5
  3214 | D:3      | Found an opulent altar of Gozag.
  3491 | D:4      | Found a sand-covered staircase.
  3507 | Ossuary  | Entered an ossuary
  3589 | Ossuary  | Slain by a mummy

Levels and vault maps discovered:
D:1:      doesnt_arrival_eight_statues, layout_loops_cross
D:2:      minmay_evil_eye, layout_basic, first_ration, minmay_quadrilaterals
D:3:      layout_loops_ring, grunt_gozag_statues
D:4:      layout_loops_ring, gup_ossuary_entry_pyramid,
          minmay_tree_intersection, uniq_sigmund
Ossuary:  ossuary_tomb_3

Skill      XL: |  1  2  3  4  5 |
---------------+----------------+-----
Long Blades    | 3 4 |  4.1
Armour         | 4 |  4.0
Fighting       | |  3.4
Dodging        | |  0.3
Shields        | |  3.5

Action                   |  1- 3 |  4- 6 || total
-------------------------+-------+-------++-------
Melee: Long sword        |   114 |   146 ||   260
       Short sword       |     9 |       ||     9
  Use: Potion            |     1 |       ||     1
  Eat: Ration            |     1 |       ||     1
       Chunk             |       |     5 ||     5
Armor: Scale mail        |    58 |    53 ||   111
Dodge: Dodged            |    35 |    52 ||    87
Block: Shield            |    73 |    69 ||   142
       Rpst.: Long sword |    14 |    15 ||    29

Table legend:
 A = Non-vault XP
 B = Vault XP
 C = Vault XP percentage of total XP
 D = Non-vault monster count
 E = Vault monster count
 F = Vault count percentage of total count
                 A         B        C        D         E       F
            +---------+---------+-------+---------+---------+-------
      Total |     203 |      64 |  24.0 |      59 |      15 |  20.3
            +---------+---------+-------+---------+---------+-------
        D:1 |      16 |       0 |   0.0 |      11 |       0 |   0.0
        D:2 |      22 |      38 |  63.3 |      14 |       8 |  36.4
        D:3 |     163 |       0 |   0.0 |      33 |       0 |   0.0
        D:4 |       2 |      18 |  90.0 |       1 |       1 |  50.0
    Ossuary |       0 |       8 | 100.0 |       0 |       6 | 100.0
            +---------+---------+-------+---------+---------+-------
